 Dungeon Crawl Stone Soup version 0.29.1-12-g30fa7ad0bf (webtiles) character file.

Game seed: 17905853678599693615

9321 Ubergnu the Carver (level 11, -2/95 HPs)
             Began as a Minotaur Berserker on Jan 4, 2023.
             Was a High Priest of Trog.
             Succumbed to an orc warrior's poison
             ... on level 2 of the Orcish Mines.
             The game lasted 00:40:00 (12008 turns).

Ubergnu the Carver (Minotaur Berserker)            Turns: 12008, Time: 00:40:01

Health: -2/95      AC: 16    Str: 26    XL:     11   Next: 21%
Magic:  10/10      EV: 13    Int:  4    God:    Trog [*****.]
Gold:   823        SH:  0    Dex: 10    Spells: 10/10 levels left

rFire   . . .      SeeInvis .   C - +4 long sword (freeze)
rCold   . . .      Faith    .   F - orb {light}
rNeg    . . .      Spirit   .   V - +0 plate armour
rPois   .          Reflect  .   (helmet restricted)
rElec   .          Harm     .   w - +0 cloak {rCorr}
rCorr   +          Rampage  .   (no gloves)
Will    +....                   (no boots)
Stlth   ..........              M - amulet of regeneration
HPRegen 1.05/turn               i - ring of willpower
MPRegen 0.12/turn               O - +4 ring of evasion

@: lethally poisoned (-2 -> -6), on berserk cooldown, slowed, glowing, very slow
A: horns 2, retaliatory headbutt
a: Renounce Religion, Berserk, Trog's Hand, Brothers in Arms


You were on level 2 of the Orcish Mines.
You worshipped Trog.
Trog was extremely pleased with you.
You visited 2 branches of the dungeon, and saw 11 of its levels.

You collected 823 gold pieces.

Inventory:

Hand Weapons
 C - a +4 long sword of freezing (weapon)
 N - a +0 longbow
 R - a +0 arbalest
 W - a +0 flail
Missiles
 y - 3 boomerangs (quivered)
 U - 2 silver boomerangs
Armour
 a - a +0 buckler
 q - a +0 chain mail
 w - a +0 cloak of preservation (worn)
 F - an orb of light (worn)
 K - a +2 cloak
 V - a +0 plate armour (worn)
Jewellery
 e - an amulet of faith
 i - a ring of willpower (left hand)
 k - a ring of positive energy
 M - an amulet of regeneration (around neck)
 O - a +4 ring of evasion (right hand)
Wands
 z - a wand of digging (8)
 D - a wand of light (21)
 J - a wand of flame (19)
 T - a wand of charming (6)
Scrolls
 d - a scroll of vulnerability {unknown}
 g - 9 scrolls of teleportation {unknown}
 l - a scroll of noise {unknown}
 o - a scroll of brand weapon {unknown}
 r - 5 scrolls of identify {unknown}
 s - 4 scrolls of magic mapping {unknown}
 t - 2 scrolls of fear {unknown}
 A - 2 scrolls of poison {unknown}
 B - 3 scrolls of blinking {unknown}
 E - a scroll of amnesia {unknown}
 G - a scroll of summoning {unknown}
 H - a scroll of immolation {unknown}
 I - a scroll of enchant armour {unknown}
 Q - a scroll of butterflies {unknown}
 S - a scroll of enchant weapon {unknown}
Potions
 b - 11 potions of curing {unknown}
 c - 5 potions of heal wounds
 f - 2 potions of magic {unknown}
 h - 4 potions of mutation {unknown}
 j - a potion of lignification {unknown}
 m - a potion of degeneration {unknown}
 n - a potion of attraction {unknown}
 p - a potion of might {unknown}
 u - 4 potions of flight {unknown}
 v - a potion of cancellation {unknown}
 x - a potion of invisibility {unknown}
 L - a potion of resistance {unknown}
 P - a potion of haste {unknown}


   Skills:
 + Level 8.9 Fighting
 + Level 12.0 Long Blades
 + Level 7.7 Axes
 + Level 5.4 Throwing
 + Level 11.0 Armour
 + Level 4.7 Dodging
 + Level 1.3 Stealth


You had 10 spell levels left.
You didn't know any spells.
Your spell library contained the following spells:

 Spells                   Type           Power      Damage    Failure   Level
 Blink                    Tloc           0%         N/A       100%        2
 Ignite Poison            Fire/Tmut/Pois 0%         N/A       100%        3
 Lesser Beckoning         Tloc           0%         N/A       100%        3
 Mephitic Cloud           Conj/Pois/Air  0%         N/A       100%        3
 Freezing Cloud           Conj/Ice/Air   0%         6-21      100%        5
 Manifold Assault         Tloc           0%         N/A       100%        5


Dungeon Overview and Level Annotations

Branches:
Dungeon (9/15)             Temple (0/1) D:7             Orc (2/2) D:9
    Elf (0/3) Orc:2
   Lair: D:8-11

Altars:
Dithmenos
Uskayaw
Vehumet

Shops:
Orc:2 ?


Innate Abilities, Weirdness & Mutations

You have a pair of horns on your head.
You reflexively headbutt those who attack you in melee.


Message History

You feel very sick. The orc priest closely misses you. You furiously retaliate!
You headbutt the orc priest!
The orc warrior hits you but does no damage.
You are more poisoned.
Unknown command.
Unknown command.
Unknown command.
Unknown command.
You slash the orc warrior! You freeze the orc warrior.
You headbutt the orc warrior!
You kill the orc warrior!
Trog accepts your kill.
* * * LOW HITPOINT WARNING * * *
You feel very sick.
You barely miss the orc priest.
The orc priest is almost dead.
* * * LOW HITPOINT WARNING * * *
You feel very sick. The orc priest barely misses you. You furiously retaliate!
You headbutt the orc priest!
You kill the orc priest!
Trog accepts your kill.
* * * LOW HITPOINT WARNING * * *
You feel very sick.
Things that are here:
a +0 dagger; an orc corpse You feel a strong urge to attack something.
* * * LOW HITPOINT WARNING * * *
You feel very sick.
* * * LOW HITPOINT WARNING * * *
You feel very sick.
You feel your anger nearly subside.
You are no longer berserk.
You are exhausted.
You feel yourself slow down.
* * * LOW HITPOINT WARNING * * *
You feel very sick.
* * * LOW HITPOINT WARNING * * *
You feel very sick.
You die...

#..........#...
#............. #.............
##. ##............ #.. #####
.#............#
...##...##...............
#.##.....##.......##.....
##.#.......#......#.......
##..#)..8_@∩#..............
##..)))......#..............
##....##.....##..............
#......##...##...............
#....>..#####................
##...........................
#.......................#...
#...##.###..................
##.##....##.................


There were no monsters in sight!

Vanquished Creatures
  Erolcha (D:9)
  2 two-headed ogres (D:9)
  Maurice (D:8)
  Maggie (D:9)
  Grinder (D:3)
  Prince Ribbit (D:6)
  6 yaks
  2 wyverns
  Menkaure (D:6)
  An acid dragon (D:8)
  A water moccasin (D:6)
  15 orc warriors
  3 ice beasts
  4 ogres
  A centaur (D:7)
  2 phantoms
  2 bullfrogs (D:7)
  5 necrophages
  A scorpion (D:5)
  A gnoll sergeant (D:9)
  5 wights
  11 killer bees
  3 hounds
  3 jellies
  Crazy Yiuf (D:4)
  13 orc priests
  A gnoll bouda (D:8)
  An iguana (D:5)
  24 orc wizards
  Terence (D:2)
  12 gnolls
  8 adders
  2 worms (D:4)
  3 dart slugs
  65 orcs
  2 bats
  7 endoplasms
  4 giant cockroaches
  6 goblins
  7 hobgoblins
  10 jackals
  3 quokkas
  3 ball pythons
  3 frilled lizards
  4 kobolds
  3 rats
257 creatures vanquished.

Vanquished Creatures (others)
  A hound (D:6)
1 creature vanquished.

Grand Total: 258 creatures vanquished

Notes
Turn   | Place    | Note
-------+----------+-------------------------------------------
     0 | D:1      | Ubergnu the Minotaur Berserker began the quest for the Orb.
     0 | D:1      | Reached XP level 1. HP: 19/19 MP: 0/0
   514 | D:1      | Reached XP level 2. HP: 27/27 MP: 1/1
  1375 | D:2      | Reached XP level 3. HP: 26/33 MP: 2/2
  1475 | D:2      | Found a shadowy altar of Dithmenos.
  1771 | D:2      | Noticed Terence
  1780 | D:2      | Killed Terence
  1781 | D:2      | Reached XP level 4. HP: 21/41 MP: 3/3
  2139 | D:3      | Reached ** piety under Trog
  2520 | D:3      | Found a faded altar of an unknown god.
  2619 | D:3      | Reached skill level 5 in Axes
  3005 | D:3      | Reached XP level 5. HP: 47/47 MP: 4/4
  3015 | D:3      | Noticed Grinder
  3051 | D:3      | Paralysed by Grinder for 3 turns
  3062 | D:3      | Killed Grinder
  3063 | D:3      | Reached skill level 5 in Fighting
  3063 | D:3      | Reached skill level 5 in Armour
  3063 | D:3      | Reached XP level 6. HP: 34/56 MP: 5/5
  3922 | D:4      | Reached *** piety under Trog
  4056 | D:4      | Noticed a yak
  4179 | D:4      | Found a runed translucent door.
  4180 | D:4      | Noticed Crazy Yiuf
  4188 | D:4      | Killed Crazy Yiuf
  4245 | D:5      | Entered Level 5 of the Dungeon
  4367 | D:5      | Reached XP level 7. HP: 60/61 MP: 6/6
  4640 | D:5      | Found a radiant altar of Vehumet.
  5772 | D:4      | Reached skill level 1 in Throwing
  5778 | D:4      | Killed a yak
  5779 | D:4      | Reached XP level 8. HP: 69/69 MP: 7/7
  6680 | D:6      | Reached skill level 1 in Long Blades
  6751 | D:6      | Noticed Menkaure
  6759 | D:6      | Killed Menkaure
  6760 | D:6      | Reached skill level 2 in Long Blades
  7190 | D:6      | Noticed Prince Ribbit
  7205 | D:6      | Killed Prince Ribbit
  7206 | D:6      | Reached skill level 3 in Long Blades
  7217 | D:6      | Reached skill level 1 in Stealth
  7412 | D:6      | Found a shadowy altar of Dithmenos.
  7527 | D:6      | Reached skill level 4 in Long Blades
  8151 | D:7      | Reached XP level 9. HP: 75/75 MP: 8/8
  8177 | D:7      | Reached skill level 5 in Long Blades
  8549 | D:7      | Reached skill level 6 in Long Blades
  8904 | D:7      | Reached **** piety under Trog
  8982 | D:7      | Found a staircase to the Ecumenical Temple.
  9272 | D:8      | Noticed Maurice
  9279 | D:8      | Killed Maurice
  9280 | D:8      | Reached skill level 7 in Long Blades
  9466 | D:8      | Reached skill level 8 in Long Blades
  9650 | D:8      | Noticed a +0 falchion
  9650 | D:8      | Noticed a +0 spear
  9650 | D:8      | Noticed a +0 short sword
  9650 | D:8      | Noticed a +0 short sword
  9652 | D:8      | Noticed a +0 dagger
  9656 | D:8      | Noticed a +0 dagger
  9661 | D:8      | Noticed a +0 spear
  9662 | D:8      | Noticed a +0 falchion
  9669 | D:8      | Found a hide-covered altar of Uskayaw.
  9846 | D:8      | Reached XP level 10. HP: 80/86 MP: 9/9
 10239 | D:9      | Reached skill level 9 in Long Blades
 10589 | D:9      | Noticed Erolcha
 10601 | D:9      | Reached skill level 10 in Armour
 10625 | D:9      | Killed Erolcha
 10626 | D:9      | Reached skill level 10 in Long Blades
 10814 | D:9      | Noticed a two-headed ogre
 10828 | D:9      | Killed a two-headed ogre
 11137 | D:9      | Reached skill level 11 in Long Blades
 11148 | D:9      | Noticed Maggie
 11150 | D:9      | Noticed a two-headed ogre
 11157 | D:9      | Killed Maggie
 11160 | D:9      | Killed a two-headed ogre
 11161 | D:9      | Reached skill level 5 in Throwing
 11161 | D:9      | Reached XP level 11. HP: 95/95 MP: 10/10
 11168 | D:9      | Found a staircase to the Orcish Mines.
 11360 | Orc:1    | Entered Level 1 of the Orcish Mines
 11410 | Orc:2    | Entered Level 2 of the Orcish Mines
 11635 | Orc:2    | Reached ***** piety under Trog
 11961 | Orc:2    | Found a staircase to the Elven Halls.
 11992 | Orc:2    | Reached skill level 12 in Long Blades
 11998 | Orc:2    | Found Upludd's Magic Scroll Boutique.
 12006 | Orc:2    | HP: 4/95 [poisoned by an orc warrior]
 12007 | Orc:2    | HP: 1/95 [poisoned by an orc warrior]
 12008 | Orc:2    | Succumbed to an orc warrior's poison

Illustrated notes

Levels and vault maps discovered:
D:1:      minmay_arrival_wavy_path, layout_loops_corners
D:2:      layout_rooms, basic_altar, uniq_terence
D:3:      layout_basic, shapermc_ecumenical_altar_starsandcircs,
          hangedman_decor_points, uniq_grinder
D:4:      layout_rooms, lightli_corner_chamber, uniq_crazy_yiuf_cottage
D:5:      layout_cave_pods, lemuel_round_altar, chequers_serial_rivers_marsh
D:6:      minmay_flawed_box, layout_basic, lemuel_tele_altar,
          amcnicky_mini_corridor_feature, lemuel_flamethrower_2,
          uniq_prince_ribbit1, uniq_menkaure
D:7:      layout_basic, temple_green, chequers_decorated_corner,
          minmay_checkerbox
D:8:      layout_loops_ring, nicolae_uskayaw_en_pointe, minmay_misc_feat_rows,
          uniq_maurice
D:9:      layout_basic, david_orc_5, uniq_maggie, uniq_harold, uniq_erolcha
Orc:1:    layout_diamond_mine, abandoned_shop, nicolae_orc_stony_grotto
Orc:2:    grunt_orc_community_town_hall, layout_caves,
          grunt_orc_community_big_house_1, grunt_orc_community_big_house_2,
          grunt_orc_community_house_3, grunt_orc_community_house_2,
          grunt_orc_community_house_2, grunt_orc_community_house_3,
          grunt_orc_community_house_3, grunt_orc_community_house_2

Skill      XL: |  1  2  3  4  5  6  7  8  9 10 11 |
---------------+----------------------------------+-----
Fighting       | 4 5 6 7 8 |  8.9
Axes           | 4 5 6 7 |  7.7
Armour         | 3 5 7 8 9 10 11 | 11.0
Dodging        | 3 4 |  4.7
Throwing       | 1 3 4 5 |  5.4
Long Blades    | 4 8 11 12 | 12.0
Stealth        | 1 |  1.3

Action                   |  1- 3 |  4- 6 |  7- 9 | 10-12 || total
-------------------------+-------+-------+-------+-------++-------
Melee: Hand axe          |    48 |   145 |    69 |       ||   262
       Headbutt          |     6 |    20 |    43 |    53 ||   122
       Punch             |     1 |     1 |     1 |       ||     3
       Long sword        |       |       |   169 |   191 ||   360
Throw: Boomerang         |       |       |    33 |    24 ||    57
Invok: Berserk           |     1 |     1 |     5 |     7 ||    14
Evoke: Wand              |       |       |     1 |       ||     1
Armor: Animal skin       |     2 |       |       |       ||     2
       Ring mail         |     7 |       |       |       ||     7
       Scale mail        |     1 |    21 |       |       ||    22
       Chain mail        |       |    39 |   115 |    30 ||   184
       Plate armour      |       |       |       |    26 ||    26
Dodge: Dodged            |    30 |    69 |    85 |    98 ||   282
